 Dungeon Crawl Stone Soup version 0.21-a0-578-gc6e9d75 (webtiles) character file.

116826 Lanoc the Fencer (level 16, -3/88 HPs)
             Began as a Vine Stalker Berserker on Dec 19, 2017.
             Was the Champion of Trog.
             Succumbed to a redback's poison
             ... on level 1 of the Spider Nest.
             The game lasted 01:39:09 (20615 turns).

Lanoc the Fencer (Vine Stalker Berserker)          Turns: 20615, Time: 01:39:09

Health: -3/88      AC: 21    Str: 24    XL:     16   Next: 72%
Magic:  2/26       EV: 19    Int:  7    God:    Trog [******]
Gold:   2744       SH:  0    Dex: 20    Spells: 15/15 levels left

rFire    + . .     SeeInvis .   I - +7 long sword "Gasixiag" {venom, *Contam MR++ MP+9}
rCold    + . .     Gourm    .   (no shield)
rNeg     . . .     Faith    .   M - +0 plate armour of the Dolphin {rElec rCorr Int-3}
rPois    .         Spirit   +   P - +2 helmet {Int+3}
rElec    +         Reflect  .   C - scarf {rC+ rF+}
rCorr    +         Harm     .   (no gloves)
MR       ++++.                  o - +2 pair of boots {run}
Stlth    ..........             e - amulet of regeneration
HPRegen  1.44/turn              k - +5 ring of evasion
MPRegen  0.20/turn              U - +3 ring of strength

@: lethally poisoned (-3 -> -68), berserk cooldown, slowed, very slow
A: fangs 3, regeneration 2, magic shield, antimagic bite, no potion heal 3, rot
immunity
a: Berserk, Trog's Hand, Brothers in Arms, Burn Spellbooks, Renounce Religion


You were on level 1 of the Spider Nest.
You worshipped Trog.
Trog was exalted by your worship.
You were very hungry.

You visited 4 branches of the dungeon, and saw 24 of its levels.
You also visited: Labyrinth, Ossuary and Ice Cave.

You collected 2744 gold pieces.

Inventory:

Hand Weapons
 g - a +4 great sword of protection
 A - a +4 antimagic great sword
 I - the +7 long sword "Gasixiag" (weapon) {venom, *Contam MR++ MP+9}
   (You found it on level 7 of the Dungeon)

   It poisons the flesh of those it strikes.
   It affects your resistance to hostile enchantments.
   It affects your magic capacity (+9).
   It causes magical contamination when unequipped.
 K - a +2 antimagic double sword
Missiles
 B - 8 javelins of penetration (quivered)
 D - 4 javelins of returning
 L - 7 silver javelins
 O - 6 tomahawks of dispersal
 T - 5 poisoned javelins
Armour
 o - a +2 pair of boots of running (worn)
 x - the +1 pair of boots "Uxzala" {rPois rC+ MR- Str+2}
   (You found it on level 11 of the Dungeon)

   It affects your strength (+2).
   It protects you from cold.
   It protects you from poison.
   It affects your resistance to hostile enchantments.
 C - a scarf of resistance (worn)
 M - the +0 plate armour of the Dolphin (worn) {rElec rCorr Int-3}
   (You found it on level 9 of the Dungeon)

   It affects your intelligence (-3).
   It insulates you from electricity.
   It protects you from acid and corrosion.
 P - a +2 helmet of intelligence (worn)
Jewellery
 e - an amulet of regeneration (around neck)
 k - a +5 ring of evasion (left hand)
 w - an uncursed ring of flight
 N - an uncursed ring of protection from cold
 U - a +3 ring of strength (right hand)
 Y - an uncursed ring of see invisible
Wands
 r - a wand of paralysis (75)
 u - a wand of digging (14)
 H - a wand of iceblast (28)
 J - a wand of flame (31)
 Z - a wand of enslavement (13)
Scrolls
 a - a scroll of blinking
 h - 9 scrolls of fog
 i - 8 scrolls of teleportation
 l - 7 scrolls of enchant armour
 t - 5 scrolls of enchant weapon
 y - 6 scrolls of fear
 z - 2 scrolls of holy word
 G - 6 scrolls of remove curse
 S - 2 scrolls of magic mapping
Potions
 b - 2 potions of flight
 f - 5 potions of curing
 j - 3 potions of haste
 n - 2 potions of magic
 p - a potion of agility
 q - a potion of cancellation
 s - 3 potions of might
 v - 3 potions of brilliance
 F - a potion of resistance
 X - a potion of invisibility
Miscellaneous
 Q - a lightning rod (4/4)
 V - a fan of gales
 W - a phial of floods
Comestibles
 c - 39 rations


   Skills:
 + Level 12.0 Fighting
 * Level 16.0 Long Blades
 + Level 8.6 Throwing
 + Level 10.9 Armour
 + Level 10.9 Dodging


You had 15 spell levels left.
You didn't know any spells.

Dungeon Overview and Level Annotations

Branches:
Dungeon (15/15)            Temple (0/1) D:7            Lair (6/6) D:8
 Shoals (0/4) Lair:2       Spider (1/4) Lair:2        Slime (0/5) Lair:5
    Orc (2/2) D:10            Elf (0/3) Orc:2        Vaults (0/5) D:14
 Depths (0/5) D:15

Altars:
Ashenzari
Cheibriados
Dithmenos
Fedhas
Hepliaklqana
Kikubaaqudgha
Makhleb
Nemelex Xobeh
Okawaru
Ru
Uskayaw
Xom
The Shining One
Jiyva

Shops:
D:5 [   D:8 %   D:10 [   D:12 %   Orc:1 ?   Orc:2 }*([

Portals:
Trove: D:13 (give 6 scrolls of blinking)


Innate Abilities, Weirdness & Mutations

You have razor-sharp teeth.
You heal very quickly.
When hurt, damage is shared between your health and your magic reserves.
Your bite disrupts and absorbs the magic of your enemies.
Potions cannot restore your health.
You are immune to rotting.


Message History

The wolf spider hits you but does no damage.
The wolf spider bites you but does no damage.
You struggle to detach yourself from the web.
You feel yourself speed up.
* * * LOW HITPOINT WARNING * * *
You feel very sick. The redback bites you!
* * * LOW HITPOINT WARNING * * *
You are more poisoned.
The redback poisons you!
The hornet stings you but does no damage.
The wolf spider barely misses you. x2
The redback bites you but does no damage.
The hornet stings you but does no damage.
The web tears apart.
You feel your anger nearly subside.
You are no longer berserk.
Trog's vigour flows through your veins.
You are exhausted.
You feel yourself slow down.
You die...

...............
................
................
.................
........%........
##...^...........
#................
#........<†......
#.......†@y......
........ss.......
......>..........
^................
.................
..!..............
......%......?...
.................
.......>........


You could see a wolf spider, a hornet and a redback.

Vanquished Creatures
  Rupert (D:13)
  Gastronok (D:9)
  A frost giant (IceCv)
  3 entropy weavers
  Nessos (D:13)
  A stone giant (D:13)
  A minotaur (Lab)
  A rakshasa (D:15)
  Harold (D:11)
  Erolcha (D:10)
  The ghost of Alarkh the Twirler, a journeyman DsNe of Cheibriados (IceCv)
  9 hydras
  A catoblepas (Lair:6)
  2 death knights (D:13)
  A centaur warrior (D:14)
  2 ogre magi
  4 death yaks
  A queen ant (Lair:6)
  A tengu warrior (D:14)
  9 two-headed ogres
  3 orc high priests (Orc:2)
  Urug (D:13)
  An unseen horror (shapeshifter) (D:15)
  An unseen horror (D:12)
  A deep elf archer (D:14)
  7 orc knights
  6 orc sorcerers
  7 cyclopes
  An oklob plant (D:7)
  2 wolf spiders
  A wolf spider (shapeshifter) (D:15)
  8 deep elf magi
  14 slime creatures
  6 ugly things
  3 elephants (Lair:6)
  An ice statue (IceCv)
  3 black mambas
  24 spiny frogs
  A gargoyle (D:13)
  3 efreet
  4 rime drakes
  4 yaktaurs
  A freezing wraith (D:15)
  A meliai (D:13)
  2 ice devils (Lair:2)
  6 trolls
  3 komodo dragons
  23 polar bears
  2 tyrant leeches (Lair:6)
  2 jumping spiders (Spider:1)
  20 blink frogs
  14 hippogriffs
  4 vampires
  5 wraiths
  4 redbacks
  3 wyverns
  A shadow (D:13)
  A yak (shapeshifter) (D:15)
  A fire elemental (Lair:6)
  65 yaks
  3 basilisks
  3 hogs (D:9)
  Grum (D:10)
  7 vampire mosquitoes
  4 hungry ghosts
  4 steam dragons
  A human (D:9)
  Menkaure (D:4)
  A warg (Orc:2)
  A soldier ant (shapeshifter) (D:15)
  2 acid dragons
  15 soldier ants
  9 water moccasins
  7 porcupines
  22 orc warriors
  5 ice beasts
  A black bear (D:11)
  4 sky beasts
  An eye of draining (shapeshifter) (D:15)
  2 necrophages
  2 phantoms
  13 ogres
  An eye of draining (D:15)
  6 boggarts
  2 centaurs
  28 wolves
  11 crocodiles
  23 bullfrogs
  8 big kobolds
  A wyvern zombie (D:13)
  3 scorpions
  A wyvern skeleton (D:8)
  7 wights
  2 howler monkeys
  6 electric eels
  10 crimson imps
  2 bullfrog zombies
  4 centaur zombies
  2 quasits
  3 bullfrog skeletons
  4 hounds
  6 jellies
  23 orc priests
  25 orc wizards
  Jessica (D:2)
  4 centaur skeletons
  Ijyb (D:5)
  Natasha (thrice) (D:3)
  2 iguanas
  25 worker ants
  2 bullfrog simulacra (D:11)
  A hound skeleton (D:7)
  A mummy (Ossuary)
  23 adders
  2 howler monkey skeletons
  A river rat (D:8)
  4 shadow imps
  7 white imps (D:11)
  2 worker ant simulacra (D:11)
  3 ufetubi (D:11)
  5 oozes
  An adder zombie (D:10)
  6 worms
  3 leopard geckos
  80 orcs
  7 bats
  A bat zombie (D:5)
  4 giant cockroaches
  8 goblins
  5 hobgoblins
  16 jackals
  18 kobolds
  6 quokkas
  3 frilled lizards
  6 gnoll skeletons (Ossuary)
  8 kobold skeletons (Ossuary)
  A leopard gecko skeleton (D:7)
  A leopard gecko zombie (D:8)
  10 orc skeletons (Ossuary)
  A quokka zombie (D:5)
  10 rats
  5 plants
877 creatures vanquished.

Vanquished Creatures (others)
  A worker ant (Lair:6)
  A kobold (D:12)
  7 fungi (Lair:6)
  45 plants (Lair:6)
54 creatures vanquished.

Grand Total: 931 creatures vanquished

Notes
Turn   | Place    | Note
-------+----------+-------------------------------------------
     0 | D:1      | Lanoc the Vine Stalker Berserker began the quest for the Orb.
     0 | D:1      | Reached XP level 1. HP: 11/11 MP: 2/2
   455 | D:1      | Reached XP level 2. HP: 16/16 MP: 3/3
   506 | D:1      | Reached skill level 3 in Long Blades
  1481 | D:2      | Reached XP level 3. HP: 19/19 MP: 4/4
  1794 | D:2      | Noticed Jessica
  1800 | D:2      | Killed Jessica
  1800 | D:2      | Gained mutation: Your natural rate of healing is unusually fast. [Vine Stalker growth]
  1800 | D:2      | Reached XP level 4. HP: 24/24 MP: 5/5
  1896 | D:2      | Reached ** piety under Trog
  2155 | D:2      | Identified a +2 pair of boots of running (You found it on level 2 of the Dungeon)
  2391 | D:3      | Reached XP level 5. HP: 28/28 MP: 6/6
  2405 | D:3      | Reached skill level 4 in Long Blades
  2607 | D:3      | Reached XP level 6. HP: 24/32 MP: 7/7
  2684 | D:3      | Noticed Natasha
  2691 | D:3      | Killed Natasha
  2716 | D:3      | Noticed Natasha
  2728 | D:3      | Killed Natasha
  2728 | D:3      | Reached *** piety under Trog
  2816 | D:3      | Noticed Natasha
  2825 | D:3      | Killed Natasha
  2923 | D:4      | Noticed Menkaure
  2930 | D:4      | Killed Menkaure
  2930 | D:4      | Reached XP level 7. HP: 37/37 MP: 8/8
  2956 | D:4      | Found a sand-covered staircase.
  2964 | Ossuary  | Entered an ossuary
  2964 | Ossuary  | Noticed a wraith
  2964 | Ossuary  | Noticed a wraith
  2964 | Ossuary  | Noticed a wraith
  3041 | Ossuary  | Reached skill level 5 in Long Blades
  3054 | Ossuary  | Received a gift from Trog
  3089 | Ossuary  | Noticed a wraith
  3108 | Ossuary  | Killed a wraith
  3803 | D:5      | Entered Level 5 of the Dungeon
  3803 | D:5      | Found Waxivaen's Armour Boutique.
  3824 | D:5      | Reached **** piety under Trog
  3831 | D:5      | Gained mutation: You have razor-sharp teeth. [Vine Stalker growth]
  3831 | D:5      | Reached XP level 8. HP: 42/42 MP: 9/9
  3869 | D:5      | Found a blossoming altar of Fedhas.
  3907 | D:5      | Found a shattered altar of Ashenzari.
  4029 | D:5      | Reached skill level 6 in Long Blades
  4120 | D:5      | Found a blossoming altar of Fedhas.
  4320 | D:5      | Found an ancient bone altar of Kikubaaqudgha.
  4421 | D:5      | Noticed Ijyb
  4429 | D:5      | Killed Ijyb
  4472 | D:5      | Reached skill level 5 in Fighting
  4674 | D:6      | Found the +5 scythe "Finisher" {speed, Str+3}
  4846 | D:6      | Received a gift from Trog
  4851 | D:6      | Reached skill level 7 in Long Blades
  4851 | D:6      | Reached XP level 9. HP: 47/47 MP: 7/10
  5249 | D:7      | Noticed a two-headed ogre
  5255 | D:7      | Killed a two-headed ogre
  5352 | D:7      | Noticed an oklob plant
  5420 | D:7      | Found a sacrificial altar of Ru.
  5442 | D:7      | Killed an oklob plant
  5442 | D:7      | Reached skill level 8 in Long Blades
  5442 | D:7      | Reached skill level 5 in Armour
  5442 | D:7      | Reached skill level 5 in Dodging
  5470 | D:7      | Found a burning altar of Makhleb.
  5476 | D:7      | Reached ***** piety under Trog
  5768 | D:7      | Found a shadowy altar of Dithmenos.
  5861 | D:7      | Reached XP level 10. HP: 51/53 MP: 11/11
  5929 | D:7      | Found a staircase to the Ecumenical Temple.
  6022 | D:7      | Got an encrusted long sword
  6023 | D:7      | Identified the +7 long sword "Gasixiag" {venom, *Contam MR++ MP+9} (You found it on level 7 of the Dungeon)
  6140 | D:8      | Noticed a death yak
  6141 | D:8      | Noticed a death yak
  6142 | D:8      | Found a staircase to the Lair.
  6142 | D:8      | Noticed a death yak
  6151 | D:8      | Killed a death yak
  6151 | D:8      | Reached skill level 9 in Long Blades
  6162 | D:8      | Killed a death yak
  6173 | D:8      | Killed a death yak
  6191 | D:8      | Received a gift from Trog
  6214 | D:8      | Found Xaheptixt's Food Shop.
  6534 | D:8      | Found a hazy altar of Hepliaklqana.
  6613 | D:8      | Found a snail-covered altar of Cheibriados.
  6613 | D:8      | Found a hide-covered altar of Uskayaw.
  6614 | D:8      | Found a sacrificial altar of Ru.
  6705 | D:9      | Noticed a two-headed ogre
  6713 | D:9      | Killed a two-headed ogre
  6713 | D:9      | Reached skill level 10 in Long Blades
  6713 | D:9      | Reached XP level 11. HP: 47/58 MP: 12/12
  6717 | D:9      | Noticed Gastronok
  6735 | D:9      | Killed Gastronok
  6906 | D:9      | Received a gift from Trog
  7025 | D:9      | Found a sparkling altar of Nemelex Xobeh.
  7275 | D:9      | Got a warped plate armour
  7286 | D:9      | Identified the cursed +0 plate armour of the Dolphin {rElec rCorr Int-3} (You found it on level 9 of the Dungeon)
  7336 | D:9      | Found a glowing golden altar of the Shining One.
  7431 | D:10     | Entered Level 10 of the Dungeon
  7488 | D:10     | Noticed Grum
  7501 | D:10     | Killed Grum
  7505 | D:10     | Reached skill level 11 in Long Blades
  7541 | D:10     | Found Obivys's Antique Armour Boutique.
  7803 | D:10     | Noticed Erolcha
  7812 | D:10     | Killed Erolcha
  7867 | D:10     | Found a staircase to the Orcish Mines.
  7942 | D:10     | Gained mutation: You heal very quickly. [Vine Stalker growth]
  7942 | D:10     | Reached XP level 12. HP: 64/65 MP: 13/13
  8199 | D:11     | Noticed a death yak
  8218 | D:11     | Killed a death yak
  8233 | D:11     | Got a pair of heavily runed boots
  8244 | D:11     | Identified the +1 pair of boots "Uxzala" {rPois rC+ MR- Str+2} (You found it on level 11 of the Dungeon)
  8265 | D:11     | Noticed Harold
  8276 | D:11     | Killed Harold
  8485 | D:11     | Reached ****** piety under Trog
  8737 | D:11     | Reached skill level 1 in Throwing
  9067 | D:12     | Reached skill level 12 in Long Blades
  9087 | D:12     | Received a gift from Trog
  9170 | D:12     | Noticed a two-headed ogre
  9176 | D:12     | Killed a two-headed ogre
  9293 | D:12     | Found Ninneur's Food Shoppe.
  9489 | D:12     | Noticed an eight-headed hydra
  9499 | D:12     | Killed a 12-headed hydra
  9955 | D:13     | Noticed Nessos
  9961 | D:13     | Killed Nessos
  9961 | D:13     | Reached XP level 13. HP: 70/70 MP: 14/14
 10090 | D:13     | Found a portal to a secret trove of treasure.
 10354 | D:13     | Noticed Urug
 10367 | D:13     | Killed Urug
 10396 | D:13     | Noticed Rupert
 10588 | D:13     | Noticed a stone giant
 10594 | D:13     | Killed a stone giant
 10652 | D:13     | Reached skill level 13 in Long Blades
 10942 | D:13     | Killed Rupert
 11099 | D:14     | Found a burning altar of Makhleb.
 11127 | D:14     | Received a gift from Trog
 11216 | D:14     | Reached skill level 10 in Fighting
 11263 | D:14     | Got a slimy trident
 11307 | D:14     | Found an iron altar of Okawaru.
 11323 | D:14     | Found a shimmering altar of Xom.
 11343 | D:14     | Got a translucent mace
 11392 | D:14     | Reached XP level 14. HP: 77/77 MP: 15/15
 11394 | D:14     | Reached skill level 5 in Throwing
 12203 | D:14     | Found a gate to the Vaults.
 12239 | D:15     | Entered Level 15 of the Dungeon
 12418 | D:15     | Received a gift from Trog
 12438 | D:15     | Reached skill level 14 in Long Blades
 12568 | D:15     | Found a staircase to the Depths.
 12694 | D:15     | Found a labyrinth entrance.
 12703 | Lab      | Entered a labyrinth
 12798 | Lab      | Found an exit through the horrors of the Abyss.
 13078 | Lab      | Identified the +6 trident of the Jolly Seas {protect, rPois MR- Dex+6} (You found it on level 14 of the Dungeon)
 13079 | Lab      | Identified the +10 mace "Wadaegir" {crush, Dex+3} (You found it on level 14 of the Dungeon)
 13775 | Lair:1   | Entered Level 1 of the Lair of Beasts
 13934 | Lair:1   | Received a gift from Trog
 14004 | Lair:1   | Reached XP level 15. HP: 74/81 MP: 16/16
 14662 | Lair:2   | Found a hole to the Spider Nest.
 14846 | Lair:2   | Found a frozen archway.
 14866 | IceCv    | Entered an ice cave
 15030 | IceCv    | Noticed Alarkh's ghost (journeyman DsNe)
 15045 | IceCv    | Killed Alarkh's ghost
 15054 | IceCv    | Reached skill level 10 in Dodging
 15134 | IceCv    | Reached skill level 10 in Armour
 15298 | IceCv    | Received a gift from Trog
 15355 | IceCv    | Noticed a frost giant
 15364 | IceCv    | Killed a frost giant
 15741 | Lair:2   | Found a staircase to the Shoals.
 15913 | Lair:3   | Received a gift from Trog
 15924 | Lair:3   | Reached skill level 15 in Long Blades
 16270 | Lair:3   | Received a gift from Trog
 17281 | Lair:5   | Found a runed door.
 17281 | Lair:5   | Found a viscous altar of Jiyva.
 17281 | Lair:5   | Found a staircase to the Slime Pits.
 17815 | Lair:6   | Entered Level 6 of the Lair of Beasts
 17962 | Lair:6   | Received a gift from Trog
 17971 | Lair:6   | Got a fine falchion {god gift}
 17974 | Lair:6   | Reached XP level 16. HP: 67/88 MP: 17/17
 18575 | Lair:6   | Identified the +3 falchion of Imbalance {slice, Str+4} (Trog gifted it to you on level 6 of the Lair of Beasts)
 18854 | Lair:6   | Received a gift from Trog
 19245 | Orc:1    | Entered Level 1 of the Orcish Mines
 19326 | Orc:1    | Found Guaczigh's Magic Scroll Boutique.
 19536 | Orc:2    | Entered Level 2 of the Orcish Mines
 19552 | Orc:2    | Received a gift from Trog
 19805 | Orc:2    | Found a staircase to the Elven Halls.
 20123 | Orc:2    | Found Estrergh's Antique Armour Boutique.
 20348 | Orc:2    | Reached skill level 16 in Long Blades
 20387 | Orc:2    | Found Nano's Weapon Emporium.
 20404 | Orc:2    | Found Quhu's General Store.
 20406 | Orc:2    | Found Wuppusecs's Gadget Boutique.
 20586 | Spider:1 | Entered Level 1 of the Spider Nest
 20599 | Spider:1 | Received a gift from Trog
 20608 | Spider:1 | Paralysed by a hornet for 3 turns
 20614 | Spider:1 | HP: 2/132 [redback (5)]
 20615 | Spider:1 | Succumbed to a redback's poison

Vault maps used:
D:1:      dpeg_arrival_circle_labyrinth_b, corexii_item_surrounded_by_moat
D:2:      kb_forest_paths, minmay_small_reverse_x, uniq_jessica
D:3:      first_ration, uniq_natasha
D:4:      chequers_ossuary_entry_cave, uniq_menkaure
D:5:      nicolae_overflow_hidden_temple, old_standard_altar,
          lemuel_zombie_altar_kikubaaqudgha, serial_shops,
          nicolae_shop_statue_plus, fedhas_altar_fruit_tree, uniq_ijyb
D:7:      kennysheep_mini, old_standard_altar, temple_doors_cd,
          lemuel_oklob_altar
D:8:      marbit_many_paths, minitemple, dpeg_lair_monsters, serial_shops, shop
D:9:      tso_oasis_becter, grunt_livestock, nemelex_diamond_rough_becter,
          uniq_gastronok
D:10:     hiddenorc1_lemuel, serial_shops, shop, st_stairs_1, uniq_erolcha,
          uniq_grum
D:11:     serial_ice, serial_ice_i, serial_ice_m, serial_ice_f, serial_ice_g,
          serial_ice_h, serial_ice_a, serial_ice_o, serial_ice_n, serial_ice_c,
          serial_ice_e, uniq_harold
D:12:     serial_shops, shop_coins
D:13:     enter_trove_6, minmay_evil_grid, uniq_urug, uniq_rupert, uniq_nessos
D:14:     hangedman_vaults_entry_quadrant_bands, basic_altar, lemuel_tele_altar,
          okawaru_ov_weapons_minmay
D:15:     gammafunk_enter_depths_forms, lab_entry_generic, roderic_lattice_a
Lair:1:   infiniplex_staircase_pool
Lair:2:   shoals_dummy_entry, spider_nest_entry_rubble,
          portal_ice_cave_demonic_guard
Lair:3:   hibernation_bobbens
Lair:4:   grunt_megastairs_1, lemuel_fruit_tree
Lair:5:   slime_altar_2
Lair:6:   minmay_lair_end_frog_pond, serial_bayou_ford_a, minmay_another_anthill
Orc:1:    serial_shops, nicolae_shop_trees, nicolae_orc_rockfall
Orc:2:    st_orc_elflike
Lab:      nicolae_lab_statue, labyrinth_fake_exit
Ossuary:  ossuary_due_mausoleum
IceCv:    ice_cave_caverns_01

Skill      XL: |  1  2  3  4  5  6  7  8  9 10 11 12 13 14 15 16 |
---------------+-------------------------------------------------+-----
Long Blades    | 3 4 5 7 8 10 11 12 13 14 15 16 | 16.0
Fighting       | 3 4 5 6 7 8 9 10 11 12 | 12.0
Armour         | 2 3 4 5 6 7 8 9 10 | 10.9
Dodging        | 2 3 4 5 6 7 8 9 10 | 10.9
Throwing       | 3 4 6 7 8 |  8.6

Action                   |  1- 3 |  4- 6 |  7- 9 | 10-12 | 13-15 | 16-18 || total
-------------------------+-------+-------+-------+-------+-------+-------++-------
Melee: Falchion          |    73 |   146 |   359 |     8 |       |       ||   586
       Bite              |    26 |    47 |   149 |   228 |   633 |   269 ||  1352
       Scythe            |       |       |     2 |       |       |       ||     2
       Long sword        |       |       |       |   436 |  1001 |   436 ||  1873
Throw: Tomahawk          |       |       |       |     1 |       |       ||     1
Invok: Berserk           |     2 |     4 |     9 |    10 |    20 |     6 ||    51
       Burn Spellbooks   |       |       |       |     5 |     4 |       ||     9
  Use: Scroll            |       |     8 |     6 |     8 |    11 |     4 ||    37
       Potion            |       |       |       |     1 |     1 |       ||     2
 Stab: Sleeping          |       |     1 |       |       |       |       ||     1
  Eat: Chunk             |     4 |     7 |    15 |    19 |    35 |    10 ||    90
       Ration            |       |       |     1 |     2 |     3 |     1 ||     7
Armor: Animal skin       |    17 |       |       |       |       |       ||    17
       Plate armour      |       |    83 |   210 |   193 |   400 |   186 ||  1072
       Robe              |       |     5 |       |       |       |       ||     5
Dodge: Dodged            |    50 |    55 |   180 |   356 |   824 |   382 ||  1847
       Rpst.: Falchion   |    13 |    16 |    54 |       |       |       ||    83
       Long sword        |       |       |       |    91 |   183 |    86 ||   360

Table legend:
 A = Spawn XP
 B = Non-spawn XP
 C = Spawn XP percentage of total XP
 D = Spawn monster count
 E = Non-spawn monster count
 F = Spawn count percentage of total count
 G = Total turns spent on level
                    A         B        C        D         E        F      G
               +---------+---------+-------+---------+---------+-------+---------
         Total |       0 |  166895 |   0.0 |       0 |     872 |   0.0 | 20615
               +---------+---------+-------+---------+---------+-------+---------
           D:1 |       0 |      33 |   0.0 |       0 |      18 |   0.0 |  1467
           D:2 |       0 |      91 |   0.0 |       0 |      20 |   0.0 |   912
           D:3 |       0 |     330 |   0.0 |       0 |      33 |   0.0 |   525
           D:4 |       0 |     407 |   0.0 |       0 |      15 |   0.0 |   714
           D:5 |       0 |     742 |   0.0 |       0 |      24 |   0.0 |   769
           D:6 |       0 |     834 |   0.0 |       0 |      37 |   0.0 |   674
           D:7 |       0 |    2267 |   0.0 |       0 |      17 |   0.0 |   885
           D:8 |       0 |    3124 |   0.0 |       0 |      13 |   0.0 |   539
           D:9 |       0 |    7174 |   0.0 |       0 |      45 |   0.0 |   851
          D:10 |       0 |    3556 |   0.0 |       0 |      45 |   0.0 |   775
          D:11 |       0 |    7017 |   0.0 |       0 |      53 |   0.0 |   905
          D:12 |       0 |    5648 |   0.0 |       0 |      36 |   0.0 |   899
          D:13 |       0 |   17282 |   0.0 |       0 |      38 |   0.0 |  1153
          D:14 |       0 |   13882 |   0.0 |       0 |      39 |   0.0 |  1204
          D:15 |       0 |   20158 |   0.0 |       0 |      63 |   0.0 |  1015
        Lair:1 |       0 |    3927 |   0.0 |       0 |      20 |   0.0 |   790
        Lair:2 |       0 |    5802 |   0.0 |       0 |      28 |   0.0 |   858
        Lair:3 |       0 |    3787 |   0.0 |       0 |      15 |   0.0 |   859
        Lair:4 |       0 |    5416 |   0.0 |       0 |      18 |   0.0 |   512
        Lair:5 |       0 |    3348 |   0.0 |       0 |      14 |   0.0 |   574
        Lair:6 |       0 |   30603 |   0.0 |       0 |     119 |   0.0 |  1322
      Spider:1 |       0 |    3315 |   0.0 |       0 |       7 |   0.0 |    29
         Orc:1 |       0 |    1208 |   0.0 |       0 |      10 |   0.0 |   354
         Orc:2 |       0 |   11384 |   0.0 |       0 |      64 |   0.0 |   882
           Lab |       0 |    1118 |   0.0 |       0 |       1 |   0.0 |   415
       Ossuary |       0 |     259 |   0.0 |       0 |      26 |   0.0 |   185
         IceCv |       0 |   14183 |   0.0 |       0 |      54 |   0.0 |   548
               +---------+---------+-------+---------+---------+-------+---------
